AoeStats
← Erickinio

Arena

508594144Analyzed
4v4 RM · 9d ago on Sep 23, 2026· 29m 54s· 8 players
Game mode
Random Map
Map size
Large (8 player)
Population
200
Speed
Normal
Resources
Standard
Victory
Conquest
Starting age
Dark Age
Ending age
Imperial Age
RankedLock teamsTeams togetherTeam positionsShared explorationLock speedFull tech treeHidden civsTurbo modeCheats
Victory
Defeat
🇲🇽 Turks · Mexico
1013
+10
🇦🇷 Celts · Argentina
885
+15
🇲🇽 Bulgarians · Mexico
874
+16
🇲🇽 Franks · Mexico
865
+16
🇮🇳 Italians · India
945
-46
🇦🇺 Tupi · Australia
894
-15
🇦🇷 Spanish · Argentina
849
-13
🇨🇳 Sicilians · China
804
-12
NeeoNone
4:47 Loom
5:44 Loom
8:11 Feudal Age
14:45 Castle Age
16:07 Double-Bit Axe
22:21 Bow Saw
22:40 Town Watch
24:10 Wheelbarrow
25:27 Fletching
25:56 Hand Cart
28:19 Ballistics
28:18 Horse Collar
28:57 Bodkin Arrow
29:27 Masonry
32:30 Imperial Age
camiloandres2272
0:30 Loom
12:44 Feudal Age
17:03 Castle Age
15:05 Double-Bit Axe
15:04 Horse Collar
16:00 Stone Mining
18:03 Pikeman
18:47 Squires
20:46 Fletching
29:19 Town Watch
NovelAcorn8809
13:04 Loom
Kaiser
10:50 Feudal Age
15:31 Castle Age
13:58 Horse Collar
14:11 Stone Mining
15:20 Double-Bit Axe
18:29 Wheelbarrow
28:00 Imperial Age
26:43 Wheelbarrow
25:58 Town Watch
Firthunands
11:27 Feudal Age
15:43 Castle Age
13:50 Double-Bit Axe
15:41 Forging
16:57 Loom
18:45 Gold Mining
21:54 Scale Barding Armor
23:40 Husbandry
28:08 Chain Barding Armor
28:55 Gold Shaft Mining
[SCP] PaChUcO
13:37 Feudal Age
17:47 Castle Age
16:04 Double-Bit Axe
16:29 Horse Collar
19:03 Loom
22:57 Imperial Age
21:31 Bow Saw
21:28 Heavy Plow
24:30 Wheelbarrow
23:54 Gold Mining
29:58 Hand Cart
esdrasvm
10:10 Feudal Age
10:32 Loom
11:55 Double-Bit Axe
13:57 Arson
19:35 Castle Age
17:52 Horse Collar
18:32 Forging
19:06 Scale Mail Armor
21:40 Wheelbarrow
21:02 Stone Mining
21:08 Gambesons
21:24 Squires
24:10 Padded Archer Armor
26:10 Stone Shaft Mining
25:57 Gold Mining
26:20 Bow Saw
26:41 Fletching
27:03 Heavy Plow
28:06 Leather Archer Armor
27:47 Bodkin Arrow
29:15 Pikeman
Erickinio
10:49 Feudal Age
9:29 Loom
11:18 Arson
11:41 Double-Bit Axe
12:38 Man-at-Arms
19:21 Wheelbarrow
21:03 Forging
21:58 Scale Mail Armor
22:18 Stone Mining
25:31 Castle Age
25:50 Long Swordsman
26:15 Gambesons
25:51 Pikeman
27:13 Iron Casting
26:54 Chain Mail Armor
27:24 Gold Mining
28:50 Horse Collar
Connection lost

Rejoining the realm…

Still unreachable

The connection could not be restored.

Session expired

The server has moved on; the page needs a fresh start.